[Event "Silves Open 2025"]
[Site "Fissul"]
[Date "2025.03.03"]
[Round "2.30"]
[White "Tacuchian, Marcelo Oliveira"]
[Black "Almeida, Marta Dias"]
[Result "0-1"]
[Annotator "NA COMBH"]
[ECO "A11"]
[WhiteElo "1620"]
[BlackElo "1790"]
[PlyCount "58"]
[EventDate "2025.03.03"]
[EventType "swiss"]
[EventCountry "POR"]
[SourceTitle "playchess.com"]
[Source "ChessBase"]
[SourceQuality "1"]
[TimeControl "5400+30"]

1. c4 c6 2. g3 Nf6 3. Bg2 d5 4. e3 e6 5. Nf3 Bd6 6. Nc3 Nbd7 7. Qc2 O-O 8. cxd5 exd5 9. d4 Re8 10. O-O Qe7 11. b3 Nf8 12. Bb2 g6 13. a4 a5 14. Rfd1 Bf5 15. Qc1 Ra6 16. Ba3 Rb6 17. Bxd6 Qxd6 18. Qb2 h6 19. Rdc1 Qe6 20. Ne2 g5 21. Rc5 Ne4 22. Rxa5 Nxf2 23. Ne5 Nd3 24. Qc3 Nxe5 25. dxe5 Qxe5 26. Nd4 Ne6 27. Rc1 Nxd4 28. exd4 Qe3+ 29. Kh1 Qxc3 0-1

[Event "Silves Open 2025"]
[Site "Fissul"]
[Date "2025.03.03"]
[Round "2.32"]
[White "Machado, Manuel Antonio Ribei"]
[Black "Ramos, Vitorino"]
[Result "0-1"]
[Annotator "NA COMBH"]
[ECO "C50"]
[WhiteElo "1796"]
[BlackElo "1792"]
[PlyCount "40"]
[EventDate "2025.03.03"]
[EventType "swiss"]
[EventCountry "POR"]
[SourceTitle "playchess.com"]
[Source "ChessBase"]
[SourceQuality "1"]
[TimeControl "5400+30"]

1. e4 e5 2. Nf3 Nc6 3. Bc4 f5 4. d4 exd4 5. O-O fxe4 6. Nxd4 Nf6 7. Nxc6 bxc6 8. Qe2 d5 9. Bb3 a5 10. Ba4 Qd7 11. Na3 Ba6 12. c4 Bxa3 13. Bb3 Bc5 14. h3 a4 15. Be3 Bxe3 16. fxe3 axb3 17. axb3 O-O 18. Rad1 Qf7 19. Rf2 dxc4 20. Qc2 Bb5 0-1

[Event "Silves Open 2025"]
[Site "Fissul"]
[Date "2025.03.03"]
[Round "2.33"]
[White "Mostafa, Hazem Farouk Mahmoud"]
[Black "Opatskyy, Danylo"]
[Result "1/2-1/2"]
[Annotator "NA COMBH"]
[ECO "B20"]
[WhiteElo "1769"]
[BlackElo "1490"]
[PlyCount "59"]
[EventDate "2025.03.03"]
[EventType "swiss"]
[EventCountry "POR"]
[SourceTitle "playchess.com"]
[Source "ChessBase"]
[SourceQuality "1"]
[TimeControl "5400+30"]

1. e4 c5 2. c3 Nc6 3. Bc4 Nf6 4. d3 e6 5. Nf3 d5 6. exd5 exd5 7. Bb5 Be7 8. O-O O-O 9. Bxc6 bxc6 10. h3 h6 11. Nbd2 d4 12. c4 Re8 13. Ne5 Qc7 14. Nef3 Bf5 15. Nb3 Bd6 16. Nh4 Bh7 17. f4 Rad8 18. Qf3 Rd7 19. Bd2 Rde7 20. Rf2 Re3 21. Bxe3 Rxe3 22. Qd1 Rxd3 23. Qf1 Re3 24. Rf3 Bd3 25. Qf2 Re2 26. Qg3 Nh5 27. Qg4 Nf6 28. Qg3 Nh5 29. Qg4 Nf6 30. Qg3 1/2-1/2

[Event "Silves Open 2025"]
[Site "Fissul"]
[Date "2025.03.03"]
[Round "2.34"]
[White "Ribeiro, Margarida"]
[Black "Rogge, Marloes"]
[Result "0-1"]
[Annotator "NA COMBH"]
[ECO "B07"]
[WhiteElo "1519"]
[BlackElo "1761"]
[PlyCount "88"]
[EventDate "2025.03.03"]
[EventType "swiss"]
[EventCountry "POR"]
[SourceTitle "playchess.com"]
[Source "ChessBase"]
[SourceQuality "1"]
[TimeControl "5400+30"]

1. e4 d6 2. d4 Nf6 3. Nc3 e5 4. dxe5 dxe5 5. Qxd8+ Kxd8 6. Bg5 Be6 7. O-O-O+ Nbd7 8. Nf3 Kc8 9. Bxf6 gxf6 10. g3 c6 11. Bg2 a5 12. Na4 Kc7 13. b3 b5 14. Nb2 a4 15. Kb1 Nc5 16. Rhe1 axb3 17. cxb3 Be7 18. Nd3 Ra3 19. Nxc5 Bxc5 20. Re2 Rha8 21. Rdd2 Bb4 22. Rb2 Bc3 23. Rbc2 b4 24. Nd2 Bxb3 25. Nxb3 Rxb3+ 26. Kc1 Rba3 27. Bf3 Kd7 28. Bg4+ Ke7 29. f4 c5 30. h4 h6 31. Bh5 Rg8 32. Rg2 Bd4 33. fxe5 fxe5 34. g4 f6 35. Rce2 Rh3 36. Rh2 Ra3 37. Rhg2 c4 38. Rc2 c3 39. Kd1 Be3 40. Rg3 Rd8+ 41. Ke2 Rd2+ 42. Rxd2 Bxd2 43. Rg2 Rxa2 44. Kd3 b3 0-1

[Event "Silves Open 2025"]
[Site "Fissul"]
[Date "2025.03.03"]
[Round "2.37"]
[White "Crow, Steve"]
[Black "De Oliveira, Victor Gabriel C."]
[Result "1-0"]
[Annotator "TA"]
[ECO "C49"]
[WhiteElo "1742"]
[BlackElo "2176"]
[PlyCount "23"]
[EventDate "2025.03.03"]
[EventType "swiss"]
[EventCountry "POR"]
[SourceTitle "playchess.com"]
[Source "ChessBase"]
[SourceQuality "1"]
[TimeControl "5400+30"]

1. e4 e5 2. Nf3 Nf6 3. Nc3 Nc6 4. Bb5 Bb4 5. O-O Bxc3 6. bxc3 Nxe4 {[%emt 0:00:14] C49: Four Knights: 4 Bb5 Bb4.} (6... O-O $11) 7. Re1 (7. Bxc6 {simplifies} bxc6 8. Re1 Nf6 9. Rxe5+ Kf8 10. c4) 7... d5 ({Black should try} 7... Nf6 $14) 8. Ba3 ({Resist} 8. Nxe5 $6 Qf6 $14) (8. d3 $18 Nd6 (8... Nxc3 $2 9. Bxc6+ bxc6 10. Rxe5+ Be6 11. Qe1 $18) 9. Nxe5 (9. Rxe5+ Be6 $16)) 8... Bg4 $146 {[%emt 0:00:34] [#]} (8... f6 $16 {was called for.}) (8... Qf6 9. c4 Be6 10. cxd5 Bxd5 11. c4 Bxc4 12. Bxc4 O-O-O 13. Rxe4 Nd4 14. Nxe5 Rhe8 {1-0 Paredes Galan,A-Casado,R Naron op 1993}) 9. c4 $1 $18 {[%emt 0:09:16] Hoping for cxd5.} Bxf3 (9... a6 $142 10. Bxc6+ bxc6) 10. Qxf3 Nxd2 $2 (10... f6 $18 11. cxd5 Qxd5) 11. Rxe5+ Kd7 12. Qf5# {[%emt 0:00:17] Black got outplayed after the opening.   Weighted Error Value: White=0.18 (very precise) /Black=1.48  Mistake:       	White=1     	Black=4      OK:         	White=1     	---        Strong:       	White=1     	---} 1-0

[Event "Silves Open 2025"]
[Site "Fissul"]
[Date "2025.03.03"]
[Round "3.2"]
[White "Rasti, Arvin"]
[Black "Martins, Bruno Andre Leite"]
[Result "0-1"]
[Annotator "TA"]
[ECO "D73"]
[WhiteElo "2232"]
[BlackElo "2360"]
[PlyCount "80"]
[EventDate "2025.03.03"]
[EventType "swiss"]
[EventCountry "POR"]
[SourceTitle "playchess.com"]
[Source "ChessBase"]
[SourceQuality "1"]
[TimeControl "5400+30"]

1. Nf3 d5 2. g3 g6 3. Bg2 Bg7 4. d4 c6 5. O-O Nf6 6. c4 dxc4 {[%emt 0:00:00] D73: Fianchetto Grünfeld: 5 Nf3 .} 7. a4 Ne4 8. Qc2 Nd6 {[%emt 0:00:00] The position is equal.} 9. Nbd2 O-O 10. Nxc4 Bf5 11. Qc3 c5 {[%emt 0:00:00] ...cxd4 is in the air} 12. Nxd6 exd6 13. Qb3 $146 (13. Bg5 Qb6 14. a5 Qa6 15. Qd2 Nc6 16. Bh6 Nxd4 17. Nxd4 Bxh6 18. Qxh6 cxd4 19. Ra4 Qxe2 20. Rxd4 Qxb2 21. Rh4 Qg7 22. Qxg7+ Kxg7 23. a6 {½-½ Gauri,S (2373)-Mishra,A (2510) Charlotte CCCSA Winter GM-A 2022 (6)}) 13... Be4 (13... Qb6 $142 14. Qxb6 axb6) 14. Bg5 Qb6 15. Qxb6 axb6 16. Be7 Re8 17. Bxd6 cxd4 18. Bc7 Nc6 19. Bxb6 Bc2 20. Ne1 Bxa4 21. Nd3 Ra6 (21... Rxe2 $6 22. Nc5 $16) 22. Nc5 Rxb6 23. Rxa4 Rxb2 (23... Rxe2 $2 24. Ra8+ (24. Nd7 Rb5 $16) 24... Bf8 25. Rxf8+ (25. Nd7 Rb5 $16) 25... Kxf8 26. Nd7+ Ke7 27. Nxb6 $18) 24. Nxb7 Ne5 25. Rd1 Rxe2 26. Nd6 Re6 27. Kf1 {[%emt 0:00:00] [#]} (27. Ne4 $11) 27... Ng4 $1 $17 (27... d3 28. Ne4 $17) 28. Ne4 R2xe4 29. Bxe4 Rxe4 30. h3 Nh6 31. Ra8+ Bf8 32. f3 (32. g4 $17 {might work better.}) 32... Re3 $19 33. Rxd4 Kg7 {[%emt 0:02:29][%cal Oh6f5] [#]} (33... Rxf3+ 34. Ke2 Ra3 (34... Rxg3 $2 35. Rdd8 $17) 35. Rxa3 Bxa3 36. g4 $19) 34. Kf2 (34. g4 $142) 34... Rc3 35. Rd2 Nf5 {[%emt 0:00:26] aiming for ...Bc5+.} 36. Ra5 Bb4 37. Rad5 Bc5+ 38. Ke1 Re3+ (38... Nxg3 39. Rg2 Nh1 40. Kd2 $19) 39. Kd1 Bb4 ({Much less strong is} 39... Rc3 40. R5d3 Rxd3 41. Rxd3 Nxg3 42. Rd5 $19) 40. g4 Bxd2 {[%emt 0:00:51] Weighted Error Value: White=0.30/Black=0.11 (very precise)   Mistake:       	White=3     	Black=1      Inaccurate:     	White=5     	Black=2      OK:         	White=13    	Black=21     Best:        	White=1     	Black=2} 0-1

[Event "Silves Open 2025"]
[Site "Fissul"]
[Date "2025.03.03"]
[Round "3.4"]
[White "Alshameary Puente, Ismael"]
[Black "Vasques, Antonio Pedro Freixi"]
[Result "1-0"]
[Annotator "TA"]
[ECO "D24"]
[WhiteElo "2343"]
[BlackElo "2246"]
[PlyCount "69"]
[EventDate "2025.03.03"]
[EventType "swiss"]
[EventCountry "POR"]
[SourceTitle "playchess.com"]
[Source "ChessBase"]
[SourceQuality "1"]
[TimeControl "5400+30"]

1. d4 d5 2. c4 dxc4 3. Nf3 Nf6 4. Nc3 e6 5. e4 a6 6. e5 {[%emt 0:04:28] D24: Queen's Gambit Accepted: 3 Nf3 Nf6 4 Nc3.} Nd5 7. Bxc4 Nxc3 8. bxc3 {[%emt 0:00:06] White is slightly better.} b5 9. Bd3 Bb7 10. O-O c5 11. Ng5 cxd4 $146 (11... h6 12. Qh5 Qd7 13. Nxf7 {1-0 Gavrilov,A (2493)-Hoffmann,H (2209) Pardubice Czech op-A 21st 2010 (9)}) 12. cxd4 (12. Nxh7 dxc3 13. Nxf8 Kxf8 $19) 12... Be7 $1 13. Qh5 Bxg5 14. Bxg5 Qd5 {[%emt 0:00:07][%csl Gb7][%cal Rd5g2] Black is weak on the dark squares} 15. Qh3 {[%emt 0:06:44] A sharp opening} (15. Bxh7 $2 Qxg2#) 15... Nd7 16. Rfe1 (16. Bxh7 $2 Rxh7 (16... Qxd4 $2 17. Rad1 $17) 17. Qg3 Rc8 $19 (17... Qxd4 $2 18. Rad1 $19)) 16... Nb6 17. Rac1 {[%emt 0:03:03] Prevents Rc8} (17. Bxh7 $2 Rxh7 (17... Qxd4 18. Rad1 $16) 18. Qg4 Rc8 $19) 17... Qd7 {[%emt 0:04:34][%cal Oh7h6] Against Rc7} 18. Qg3 {[%emt 0:06:29] White is much more active.} Bd5 19. Rc2 Bc4 20. Be4 {[%emt 0:01:41] A strong pair of Bishops.} Bd5 21. Bxd5 (21. Rec1 $14 Nc4 (21... Bxe4 22. Rc7 $16) 22. Bd3) 21... Nxd5 $11 22. Rec1 b4 23. h4 Nc3 24. h5 a5 (24... h6 $14 25. Be3 Kf8) 25. h6 $18 g6 {[%emt 0:00:53] [#]} (25... Rg8 $16) 26. Qf3 $1 Rb8 (26... Rc8 $142 27. a3 (27. Qf6 Rf8 $18) 27... f6) 27. Qf6 Rg8 {[%emt 0:01:22] [#]} 28. Qg7 $3 $40 {[%emt 0:00:21][%mdl 640] White attacks with force.} Rf8 (28... Rxg7 $2 {is the wrong capture.} 29. hxg7 $18) ({Avoid the trap} 28... Ne2+ $2 29. Rxe2 Rf8 30. Rec2 $18 (30. Qxh7 f6 $18)) 29. Qxh7 {[%emt 0:00:34][%csl Oh6] and Qg7 should not be overlooked. White has a king side majority. White has a strong passed pawn} Qxd4 $2 (29... f5 30. Qxg6+ Qf7) 30. Qg7 Qg4 {[%emt 0:02:53] [#]} 31. h7 $1 {[%emt 0:02:33][%cal Og7f8] Threatening mate with Qxf8+!.} Ne2+ {[%emt 0:00:20] [#]} (31... Kd7 32. Qf6) 32. Rxe2 $1 {[%emt 0:00:25][%mdl 512] White mates.} Qxg5 {[%emt 0:00:04] [#]} (32... Qh4 33. Bxh4) 33. Qxf8+ $3 Kxf8 34. h8=Q+ Ke7 35. Rc7# {[%emt 0:00:40] Weighted Error Value: White=0.25 (precise) /Black=0.72  Mistake:       	White=1     	Black=4      Inaccurate:     	White=3     	Black=6      OK:         	White=6     	Black=8      Best:        	White=3     	Black=1      Strong:       	White=1     	Black=1} 1-0

[Event "Silves Open 2025"]
[Site "Fissul"]
[Date "2025.03.03"]
[Round "3.5"]
[White "Sarabando, Rodrigo Andias"]
[Black "Lux, Hugo de Melo"]
[Result "1/2-1/2"]
[Annotator "TA"]
[ECO "A87"]
[WhiteElo "2097"]
[BlackElo "2329"]
[PlyCount "103"]
[EventDate "2025.03.03"]
[EventType "swiss"]
[EventCountry "POR"]
[SourceTitle "playchess.com"]
[Source "ChessBase"]
[SourceQuality "1"]
[TimeControl "5400+30"]

1. d4 g6 2. Nf3 Bg7 3. c4 f5 4. g3 Nf6 5. Bg2 O-O 6. O-O d6 7. Nc3 Qe8 8. Re1 e5 9. e4 {[%emt 0:02:30] A87: Dutch Defence: Leningrad System: 5 Nf3.} Nc6 10. dxe5 dxe5 11. exf5 {[%emt 0:12:43] White is slightly better.} Bxf5 12. Bg5 h6 13. Bxf6 Rxf6 {[%emt 0:00:22] [#]} 14. Nxe5 $146 ({Predecessor:} 14. Nd5 Rf7 15. Nh4 Nd4 16. f4 c6 17. fxe5 Bxe5 18. Nxf5 Nxf5 19. Kh1 Kh7 20. Nf4 {½-½ Thejkumar,M (2322)-Sengupta,D (2420) IND-ch 44th Atul 2006 (1)}) 14... Nxe5 $15 15. f4 {[%emt 0:02:03] [#]} Re6 $1 16. fxe5 Rxe5 17. Bxb7 (17. Rxe5 $15 Qxe5 18. Qd5+ Qxd5 19. Nxd5 (19. Bxd5+ Kh8 $17)) 17... Rb8 $1 $17 18. Rxe5 Qxe5 19. Qf3 {[%emt 0:01:15] [#]} c6 20. Bxc6 Rxb2 21. Qd5+ Kh7 22. Qxe5 Bxe5 {[%emt 0:00:01] This pair of bishops is nice.} 23. Rc1 h5 {[%emt 0:00:06][%mdl 1024] Black has strong compensation.} 24. Bf3 Bd4+ 25. Kh1 Rf2 26. Bg2 g5 (26... Kh6 $15) 27. Nb5 Bc5 28. Rf1 $2 {[%emt 0:00:27][%mdl 8192] [#]} (28. Nc3 $11) 28... Rxg2 $1 $19 29. Kxg2 {[%emt 0:00:02][%mdl 4096] Endgame KRN-KB} Be4+ 30. Kh3 {[%emt 0:00:17] [#]} g4+ $1 31. Kh4 Kg6 32. Rf7 {[%emt 0:01:02] Repels Be7+} Kxf7 33. Kxh5 Bf3 34. Kg5 Bg1 35. Kf4 Bxh2 {[%emt 0:00:27] And now ...Bg1 would win.} 36. Nxa7 Bg1 37. Nb5 Bb6 38. Kf5 Ke7 {[%emt 0:00:18] Dodges Nd6} 39. Nc3 Bd4 40. Nd5+ Kd6 41. a4 Kc5 42. a5 Kxc4 43. Nc7 (43. Nf4 $142 Kb5 44. Ng6) 43... Bf2 44. Kf4 Ba7 {[%emt 0:00:22] ( -> ...Bb8)} 45. Ne8 Bd4 46. Nc7 Bc5 47. Ne8 {[%emt 0:00:12] Inhibits Bd6+.} Be7 48. a6 Kd5 49. a7 Ke6 $2 (49... Kc5 $19 50. Kf5 Kb6) 50. a8=Q $11 {[%emt 0:00:30] The position is equal.} Bxa8 51. Nc7+ Kf6 {[%emt 0:00:12] ( -> ...Bd6+)} 52. Nxa8 {[%emt 0:00:07] Weighted Error Value: White=0.38/Black=0.33  Loses game:     	White=1     	---        Missed win:     	---       	Black=1      Mistake:       	White=3     	Black=2      Inaccurate:     	White=5     	Black=3      OK:         	White=16    	Black=10     Best:        	White=8     	Black=1      Strong:       	---       	Black=1      Brilliant:      	---       	Black=1} 1/2-1/2

[Event "Silves Open 2025"]
[Site "Fissul"]
[Date "2025.03.03"]
[Round "3.6"]
[White "Boesel, Alexander"]
[Black "Sanz Wawer, Daniel"]
[Result "0-1"]
[Annotator "TA"]
[ECO "B22"]
[WhiteElo "2046"]
[BlackElo "2283"]
[PlyCount "103"]
[EventDate "2025.03.03"]
[EventType "swiss"]
[EventCountry "POR"]
[SourceTitle "playchess.com"]
[Source "ChessBase"]
[SourceQuality "1"]
[TimeControl "5400+30"]

1. e4 c5 2. Nf3 e6 3. c3 Nf6 4. e5 Nd5 5. g3 d6 6. exd6 Bxd6 7. Bg2 O-O 8. O-O Nc6 9. d4 cxd4 10. Nxd4 Nxd4 11. Qxd4 Qc7 12. c4 {[%emt 0:12:12] Nowadays more popular than 12.Nd2.} Nb6 13. Nd2 {[%emt 0:02:28] B22: Sicilian: 2 c3.} Rd8 14. Qe4 Bb4 15. Qc2 $146 {[%emt 0:07:14] The position is equal.} (15. Qe2 Bxd2 16. Bxd2 Qxc4 17. Qe1 Nd5 18. Qe5 f6 19. Qh5 e5 20. Rac1 Qg4 21. Bxd5+ {1-0 Tsaruk,M (2480)-Abdisalimov,A (2504) Kazan BRICS Games Rapid Team 2024 (6.9)}) 15... Bxd2 16. Bxd2 Qxc4 17. Bc3 Qc7 18. Qe4 Nd5 19. Rac1 {[%emt 0:05:35][%cal Oc3g7] Threatens to win with Bxg7!.} Qe7 20. Qd4 Nxc3 21. Qxc3 Rb8 22. Qc7 (22. Qe5 $11 Bd7 23. Rc7) 22... Qxc7 $15 23. Rxc7 e5 (23... a5 $15) 24. Rfc1 $11 Kf8 25. Kf1 Be6 26. Ke1 {[%emt 0:08:30] Inhibits Rd2.} Bxa2 27. Bxb7 Be6 28. Ra1 Rd6 29. Rxa7 Rb6 30. Be4 Rxb2 31. Ra8 Rxa8 32. Bxa8 $17 {[%emt 0:00:05][%mdl 4096] Endgame KRB-KRB. Black is a pawn up.} Rb5 33. Ra7 g6 34. h4 Kg7 35. Ra3 h6 36. Ke2 f5 37. Kf3 e4+ (37... g5 $17 38. Ra7+ Kf6 39. hxg5+ hxg5) 38. Kf4 $15 Kf6 39. Ke3 Ke5 40. Bc6 Rc5 41. Be8 g5 42. hxg5 hxg5 {[%emt 0:00:03] Threatens to win with ...Rc2.} 43. Bh5 $2 {[%emt 0:01:44][%mdl 8192] [#]} (43. f4+ $17 gxf4+ 44. gxf4+ Kf6 45. Bh5) 43... Rc2 $1 $19 44. Ra5+ {[%emt 0:00:46] [#]} Bd5 $1 {[%emt 0:00:54] ( -> ...f4+)} 45. f4+ exf3 46. Bf7 f4+ 47. gxf4+ gxf4+ 48. Kd3 f2 {[%emt 0:00:34] Black mates.} 49. Kxc2 f1=Q ({Not} 49... f1=R 50. Rxd5+ Kf6 51. Rd7 $11) 50. Bxd5 Qe2+ 51. Kb3 Qd3+ 52. Ka4 {[%emt 0:00:28] Weighted Error Value: White=0.75/Black=0.08 (flawless)   Loses game:     	White=1     	---        Mistake:       	White=1     	Black=2      Inaccurate:     	White=6     	Black=1      OK:         	White=7     	Black=9      Best:        	---       	Black=3      Strong:       	---       	Black=1} 0-1

[Event "Silves Open 2025"]
[Site "Fissul"]
[Date "2025.03.03"]
[Round "3.7"]
[White "Degardin, Sylvain"]
[Black "Dias, Ivo Rodrigues"]
[Result "1-0"]
[Annotator "TA"]
[ECO "B90"]
[WhiteElo "2309"]
[BlackElo "2097"]
[PlyCount "71"]
[EventDate "2025.03.03"]
[EventType "swiss"]
[EventCountry "POR"]
[SourceTitle "playchess.com"]
[Source "ChessBase"]
[SourceQuality "1"]
[TimeControl "5400+30"]

1. e4 c5 2. Nf3 d6 3. d4 cxd4 4. Nxd4 Nf6 5. Nc3 a6 6. Be3 Ng4 7. Bg5 h6 8. Bh4 g5 9. Bg3 Bg7 10. h3 Ne5 11. Nf5 {[%emt 0:00:22] 11.f3 is vanishing.} Bxf5 {[%emt 0:01:24] B90: Sicilian Najdorf: Unusual White 6th moves, 6 Be3 Ng4 and 6 Be3 e5.} 12. exf5 Nbc6 13. Nd5 e6 {[%emt 0:09:52] The position is equal.} 14. fxe6 fxe6 15. Ne3 Qa5+ 16. c3 {[%emt 0:02:38] next Qh5+ is good for White.} Nf3+ 17. gxf3 {[%emt 0:00:49] [#]} (17. Qxf3 {looks sharper.} Bxc3+ 18. Kd1 Qa4+ 19. Nc2) 17... Bxc3+ $1 18. bxc3 Qxc3+ 19. Qd2 Qxa1+ 20. Nd1 Nd4 $146 (20... O-O-O $11) (20... Qd4 21. Bd3 Ne5 22. Bxe5 Qxe5+ 23. Kf1 O-O 24. Be2 Rac8 {½-½ Dominguez Perez,L (2745)-Firouzja,A (2778) Sinquefield Cup 9th 2022 (7)}) 21. Bg2 $14 (21. Bxd6 $2 Nxf3+ 22. Ke2 Nxd2 $19) 21... Rc8 (21... Nf5 $11 {remains equal.}) 22. O-O $1 $16 (22. Bxd6 Rc6 23. Bg3 Nc2+ (23... Rc2 24. Qd3 $16) 24. Kf1 Ke7 $17) 22... e5 23. Qd3 ({Much less strong is} 23. Ne3 Qc3 24. Qd1 O-O $18) 23... Qxa2 24. Re1 (24. Qg6+ $14 Ke7 25. Qe4 (25. Ne3 Qf7 $16)) 24... Kd7 $11 {[%emt 0:07:15] White must now prevent ...Rc1.} 25. Ne3 a5 $2 {[%emt 0:04:42] [#]} (25... Rhf8 $11) 26. Qe4 $1 $16 {[%emt 0:08:45][%cal Og3e5] Really sharp!} Qd2 (26... Rhf8 $16) 27. Rd1 $18 (27. Qxb7+ Rc7 28. Qb1 Qc1 $11) 27... Rc1 28. Qxb7+ Ke6 $2 (28... Kd8 29. Rxc1 Qxc1+ 30. Kh2 Qc8) 29. Rxc1 Qxc1+ 30. Bf1 (30. Kh2 $142 {[%cal Of3f4] f4! would now be deadly.} Rf8 31. Qd5+ Ke7 32. Nc4 (32. Qxa5 Qc5 $18)) 30... Rf8 (30... Rc8 31. Kg2 Qc7 32. Qd5+ (32. Bc4+ Kd7 $18) 32... Ke7) 31. Kg2 Kf6 (31... Rf7 $142 32. Qd5+ Ke7 33. Bxe5 (33. Qxa5 Nxf3 34. Nc4 Ne1+ 35. Kh1 Rf6 $18) 33... dxe5) 32. Qd7 {[%emt 0:02:58] Ng4+ would kill now.} Qc6 33. Ng4+ {[%emt 0:00:35] White mates.} Kg6 34. Bd3+ Kh5 {[%emt 0:00:28] [#]} 35. Nf6+ $1 Rxf6 36. Qg4# {[%emt 0:00:46] Weighted Error Value: White=0.35/Black=1.21  Mistake:       	White=1     	Black=7      Inaccurate:     	White=2     	Black=1      OK:         	White=7     	Black=7      Best:        	White=5     	Black=1      Strong:       	White=2     	---        Brilliant:      	---       	Black=1} 1-0

[Event "Silves Open 2025"]
[Site "Fissul"]
[Date "2025.03.03"]
[Round "3.8"]
[White "Fernandes, Antonio"]
[Black "Esteves, Goncalo Maria Franco"]
[Result "1-0"]
[Annotator "TA"]
[ECO "A45"]
[WhiteElo "2326"]
[BlackElo "1962"]
[PlyCount "75"]
[EventDate "2025.03.03"]
[EventType "swiss"]
[EventCountry "POR"]
[SourceTitle "playchess.com"]
[Source "ChessBase"]
[SourceQuality "1"]
[TimeControl "5400+30"]

1. d4 Nf6 2. Bg5 g6 3. Bxf6 exf6 4. e3 Bg7 5. Ne2 O-O 6. Nf4 d6 {[%emt 0:00:56] A45: Trompowsky Attack.} 7. Bc4 c6 8. Bb3 $146 (8. Nd2 Nd7 9. h4 Bh6 10. h5 g5 11. Ne2 f5 12. c3 Nf6 13. Qc2 {½-½ Meduna,E (2431)-Meszaros,M (2373) CZE-chT 0708 2007 (11.4)}) 8... Qe7 {[%emt 0:00:52] The position is equal.} 9. h4 d5 10. Nd2 Bh6 11. Qf3 Be6 (11... f5 $11) 12. g4 Nd7 13. c3 Bxf4 14. Qxf4 f5 15. g5 Rfe8 16. Nf3 Rad8 17. h5 Nf8 (17... a5 $16 18. hxg6 fxg6) 18. Qh4 Qc7 19. Ne5 Re7 20. f4 b5 21. a4 (21. O-O-O $18 {and White stays clearly on top.}) 21... a6 (21... Rb8 $142) 22. Kf2 Bd7 (22... c5 $16 {was called for.}) 23. Bc2 (23. Qh3 $18) 23... Be8 {[%emt 0:01:06][%csl Oe8] Black has a bad bishop} (23... c5 $142) 24. axb5 $16 {[%emt 0:00:33] White has strong rooks and is better} axb5 25. Ra6 Rb8 (25... c5 $16) 26. b4 Qc8 27. Rha1 Ne6 {[%emt 0:02:40] [#]} 28. Bxf5 gxf5 {[%emt 0:00:52] [#]} 29. g6 $1 Rc7 30. gxh7+ {[%emt 0:00:33][%csl Oh7] White has a strong passed pawn} Kxh7 31. Qf6 {[%emt 0:00:08] White attacks Some like it hot} Qd8 32. Qxf5+ Kh8 33. Qg4 $40 {[%emt 0:01:39][%mdl 128] Against Qh4+. White is up to no good. White is much more active.} (33. h6 $16) 33... Ng7 $2 (33... f5 $11 34. Qh3 Qf6) 34. h6 $18 f5 35. hxg7+ {[%emt 0:00:12] White mates.} Rxg7 {[%emt 0:00:03] Black is weak on the dark squares} 36. Rh1+ Kg8 37. Qh3 Kf8 {[%emt 0:01:24] [#]} 38. Ra7 $1 {[%emt 0:01:09][%mdl 512] Weighted Error Value: White=0.25 (precise) /Black=0.56  Loses game:     	---       	Black=1      Mistake:       	White=4     	Black=6      Inaccurate:     	---       	Black=4      OK:         	White=7     	Black=3      Best:        	White=1     	Black=2      Brilliant:      	White=1     	---} 1-0